 Dungeon Crawl Stone Soup version 0.29-a0-872-g797fff5ad1 (webtiles) character file.

Game seed: 15310652643409285857

39 clackabat the Trooper (level 3, -2/24 HPs)
             Began as a Gargoyle Fighter on July 18, 2022.
             Slain by Sigmund
             ... wielding a +2 scythe of venom
              (7 damage)
             ... on level 2 of the Dungeon.
             The game lasted 00:02:23 (1367 turns).

clackabat the Trooper (Gargoyle Fighter)            Turns: 1367, Time: 00:02:24

Health: -2/24      AC: 10    Str: 19    XL:     3   Next: 47%
Magic:  3/3        EV:  9    Int: 10    God:
Gold:   79         SH:  4    Dex:  9    Spells: 2/2 levels left

rFire   . . .      SeeInvis .   a - +0 flail
rCold   . . .      Faith    .   c - +0 buckler
rNeg    + . .      Spirit   .   b - +0 scale mail
rPois   ∞          Reflect  .   (no helmet)
rElec   +          Harm     .   (no cloak)
rCorr   .          Rampage  .   (no gloves)
Will    .....                   (no boots)
Stlth   ..........              (no amulet)
HPRegen 0.08/turn               (no ring)
MPRegen 0.08/turn               (no ring)

@: mighty
A: sickness immunity, AC +3, negative energy resistance 1, electricity
resistance, torment resistance 1, petrification resistance
a: no special abilities


You were on level 2 of the Dungeon.
You visited 1 branch of the dungeon, and saw 2 of its levels.

You collected 79 gold pieces.

Inventory:

Hand Weapons
 a - a +0 flail (weapon)
Armour
 b - a +0 scale mail (worn)
 c - a +0 buckler (worn)
Scrolls
 f - 5 scrolls of identify {unknown}
 g - a scroll of magic mapping {unknown}
 h - a scroll of brand weapon {unknown}
 i - a scroll of amnesia {unknown}
 j - a scroll of silence {unknown}
 k - a scroll of vulnerability {unknown}


   Skills:
 + Level 3.8 Fighting
 * Level 3.3 Maces & Flails
 - Level 3.2 Armour
 - Level 3.2 Shields


You had 2 spell levels left.
You didn't know any spells.
Your spell library was empty.

Dungeon Overview and Level Annotations

Branches:
Dungeon (2/15)

Altars:

Annotations:
D:2 Sigmund


Innate Abilities, Weirdness & Mutations

You are immune to sickness and miasma.
Your stone body is resilient. (AC +3)
You are immune to poison.
You resist negative energy. (rN+)
You are resistant to electric shocks. (rElec)
You are resistant to unholy torment.
You are immune to petrification.


Message History

The rat bites you but does no damage.
You closely miss the rat. The rat bites you but does no damage.
You closely miss the rat. The rat closely misses you.
You barely miss the rat. You block the rat's attack. x2
You barely miss the rat. The rat closely misses you.
You hit the rat.
You kill the rat!
No target in view!
No target in view!
k - a scroll labelled CIMOTU BEOMOR You see here a rat corpse.
You see here a rat corpse.
Sigmund the Dreaded comes into view.
He is wielding a +2 scythe of venom.
Sigmund shouts!
Sigmund drinks a potion.
Sigmund's spells are empowered!
Sigmund is nearby!
You feel very mighty all of a sudden. Sigmund closely misses you.
Sigmund casts a spell at you.
You are confused.
Sigmund attacks as you move away! Sigmund barely misses you.
You bump into the rock wall.
You're too confused to move!
Sigmund hits you from afar with a +2 scythe of venom.
Sigmund gestures at you while chanting.
You are more confused.
You bump into the rock wall.
Sigmund hits you with a +2 scythe of venom.
You bump into the rock wall.
Sigmund casts a spell at you.
You are more confused.
You bump into the rock wall.
You bump into the rock wall.
Sigmund casts a spell at you. The magic dart hits you!
It was a potion of curing.
You feel better.
Sigmund hits you from afar with a +2 scythe of venom!
* * * LOW HITPOINT WARNING * * *
Sigmund hits you with a +2 scythe of venom!
You die...

####### #......
############......
.................. ..
####.########.########
###### ....#....#
######.# .....#
#......####......#
..<..#
#..###.@@#..######
.....# ####†...#
.....##.. #.......#
#.##....#......#.##.#
#.........######.##.#
######## ..##....#
#.##.# ##...#... ...#
..... ###.##.#
##........ #.........
...##.# #.........
#........ #..#.#
#.........


You could see Sigmund (empowered).

Vanquished Creatures
  A worm (D:2)
  2 dart slugs (D:1)
  2 bats (D:1)
  3 endoplasms
  3 goblins (D:1)
  5 hobgoblins
  A quokka (D:1)
  4 ball pythons
  A frilled lizard (D:1)
  2 kobolds (D:1)
  6 rats
30 creatures vanquished.

Notes
Turn   | Place    | Note
-------+----------+-------------------------------------------
     0 | D:1      | clackabat the Gargoyle Fighter began the quest for the Orb.
     0 | D:1      | Reached XP level 1. HP: 14/14 MP: 1/1
   166 | D:1      | Reached XP level 2. HP: 18/19 MP: 2/2
   677 | D:1      | Reached XP level 3. HP: 24/24 MP: 3/3
  1352 | D:2      | Noticed Sigmund
  1367 | D:2      | Slain by Sigmund

Illustrated notes

Levels and vault maps discovered:
D:1:      kennysheep_arrival_forest, layout_loops_ring
D:2:      layout_rooms, dreamdust_ecumenical_altar_statues, serial_corexii_hall,
          corexii_hall_statues_l, chequers_hall_statues_corner_a,
          chequers_hall_statues_wall_a, corexii_hall_statues_deadend,
          kennysheep_generic_room_8, uniq_sigmund

Skill      XL: |  1  2 |
---------------+-------+-----
Maces & Flails | 3 |  3.3
Fighting       | |  3.8
Armour         | |  3.2
Shields        | |  3.2

Action                   || total
-------------------------++-------
Melee: Flail             ||    96
  Use: Potion            ||     2
Armor: Scale mail        ||    53
Dodge: Dodged            ||    53
Block: Buckler           ||    20

Table legend: (Time is in decaauts)
 A = Elapsed time spent in this place.
 B = Non-inter-level travel time spent in this place.
 C = Inter-level travel time spent in this place.
 D = Time resting spent in this place.
 E = Time spent auto-exploring this place.
 F = Levels seen in this place.
 G = Mean time per level.
                   A        B        C        D        E       F      G
               +--------+--------+--------+--------+--------+-----+--------+
         Total |   1396 |   1308 |     88 |    339 |    726 |   2 |  698.0 |
       Dungeon |   1396 |   1308 |     88 |    339 |    726 |   2 |  698.0 |
               +--------+--------+--------+--------+--------+-----+--------+

Top non-repeatable levels by time:
     D:1: 961 daAuts
     D:2: 434 daAuts
